Canadiens vs Oilers

Created - 11 février 2022 at 15:32

Goals
1 2 3 T
Canadiens 2 1 2 5
Oilers 0 0 1 1
Shots
1 2 3 T
Canadiens 18 12 12 42
Oilers 9 8 12 29

1st period

1. Canadiens , Chris Kreider 17 (Bryan Little 18, Mathew Barzal 19) at 1:31
2. Canadiens , Jonathan Drouin 6 (Henri Jokiharju 9, Jack Johnson 9) at 15:36

Penalties :
Brendan Smith (EDM) for Holding (Minor) at 7:36, Zack Kassian (EDM) for Tripping (Minor) at 18:18

2nd period

3. Canadiens , Henri Jokiharju 3 (Mitch Marner 34, Ryan O'Reilly 37) at 16:11 (PP)

Penalties :
Tim Stutzle (EDM) for Roughing (Minor) at 8:28, Brendan Smith (EDM) for Slashing (Minor) at 15:12

3rd period

4. Oilers , Jeff Skinner 13 (John Carlson 29, Kaapo Kahkonen) at 0:52
5. Canadiens , Max Pacioretty 20 (Jack Johnson 10, Mitch Marner 35) at 2:45 (PP)
6. Canadiens , Valeri Nichushkin 11 (Evgenii Dadonov 13, Derick Brassard 9) at 15:37

Penalties :
Jeff Skinner (EDM) for Tripping (Minor) at 1:50, Bobby Ryan (EDM) for Tripping (Minor) at 3:19, Brendan Smith (EDM) for Slashing (Minor) at 15:46

Goalie Stats

Robin Lehner (MTL), 28 saves from 29 shots - (0,966), W, 18-11-4, 60:00 minutes
Kaapo Kahkonen (EDM), 37 saves from 42 shots - (0,881), L, 8-14-6, 60:00 minutes

Players Stats for Canadiens

Player Name              G  A  P  +/- PIM S  H  SB GA TA FO     MP     PP MP  PK MP  
------------------------------------------------------------------------------------
Adam Larsson             0  0  0  -1  0   0  2  0  0  2  0/0    16:50   0:00   0:00 
Anthony DeAngelo         0  0  0   2  0   0  3  2  0  1  0/0    22:49   6:03   0:00 
Bryan Little             0  1  1   1  0   2  2  0  1  0  1/2    19:42   5:40   0:00 
Chris Kreider            1  0  1   1  0   5  4  0  0  0  0/2    19:42   5:40   0:00 
Corey Perry              0  0  0   1  0   0  0  0  0  1  0/1     9:23   0:00   0:00 
Dante Fabbro             0  0  0   1  0   1  2  0  1  1  0/0    21:34   5:46   0:00 
Derick Brassard          0  1  1   0  0   0  0  0  0  0  1/2    11:05   0:00   0:00 
Evgenii Dadonov          0  1  1   0  0   3  1  0  0  0  0/0    11:05   0:00   0:00 
Henri Jokiharju          1  1  2   2  0   2  3  0  0  2  0/0    22:24   6:03   0:00 
Jack Johnson             0  2  2  -1  0   3  2  2  0  1  0/0    22:27   5:46   0:00 
Jonathan Drouin          1  0  1   1  0   3  2  0  2  0  0/0     9:23   0:00   0:00 
Mark Jankowski           0  0  0   1  0   1  1  0  0  0  3/3     9:23   0:00   0:00 
Mathew Barzal            0  1  1   1  0   4  0  1  1  0  11/17  19:42   5:40   0:00 
Max Pacioretty           1  0  1   0  0   6  2  0  0  0  1/2    19:50   6:09   0:00 
Mitch Marner             0  2  2   0  0   7  1  1  1  0  1/1    19:50   6:09   0:00 
Ryan O'Reilly            0  1  1   0  0   2  1  0  0  1  17/25  19:50   6:09   0:00 
Travis Hamonic           0  0  0   1  0   1  1  0  0  0  0/0    13:56   0:00   0:00 
Valeri Nichushkin        1  0  1   0  0   2  1  0  1  0  1/1    11:05   0:00   0:00 

Players Stats for Oilers

Player Name              G  A  P  +/- PIM S  H  SB GA TA FO     MP     PP MP  PK MP  
------------------------------------------------------------------------------------
Alex Biega               0  0  0  -3  0   0  1  0  0  1  0/0    16:41   0:00   2:01 
Ben Street               0  0  0  -1  0   0  0  0  0  1  2/3    11:28   0:00   3:08 
Bobby Ryan               0  0  0  -1  2   2  2  0  0  0  0/2    14:00   0:00   0:52 
Brandon Pirri            0  0  0  -1  0   2  2  0  0  1  0/1     7:57   0:00   0:00 
Brendan Smith            0  0  0   0  6   3  1  0  0  0  0/0    19:11   0:00   2:30 
Cody Glass               0  0  0   1  0   4  1  0  0  0  5/10   13:19   0:00   1:40 
Connor McDavid           0  0  0  -1  0   3  0  0  2  1  7/16   19:27   0:00   0:00 
Gaetan Haas              0  0  0  -1  0   0  0  0  0  0  0/0     1:36   0:00   0:00 
Jake Gardiner            0  0  0  -3  0   0  1  1  0  0  0/0    13:40   0:00   0:00 
James Neal               0  0  0  -1  0   0  1  0  0  0  1/1    18:08   0:00   3:08 
Jeff Skinner             1  0  1  -1  2   4  0  0  2  1  1/7    14:36   0:00   0:00 
John Carlson             0  1  1   1  0   1  1  1  1  0  0/0    24:26   0:00   7:18 
Jordan Oesterle          0  0  0   0  0   1  0  0  1  1  0/0    21:26   0:00   4:42 
Mark Giordano            0  0  0   1  0   0  2  2  1  1  0/0    24:54   0:00   7:07 
Nathan Gerbe             0  0  0   1  0   4  0  1  0  0  0/1    11:36   0:00   0:00 
Tim Stutzle              0  0  0  -1  2   1  1  0  2  0  0/0    15:38   0:00   1:59 
Tomas Nosek              0  0  0  -1  0   1  1  1  0  0  4/15   22:07   0:00   7:01 
Zack Kassian             0  0  0   1  2   3  0  0  0  0  0/0    17:54   0:00   5:50 

3 Stars

1 - Henri Jokiharju (MTL)
2 - Robin Lehner (MTL)
3 - Chris Kreider (MTL)

Power Play

Canadiens - 2 on 7 Attempt(s) - 28,57%
Oilers - 0 on 0 Attempt(s) - 0,00%

Penalty Kill

Canadiens - 0 on 0 Attempt(s) - 0,00% - Score 0 goal in Penalty Kill
Oilers - 5 on 7 Attempt(s) - 71,43% - Score 0 goal in Penalty Kill

Team Stat

Canadiens - Hits : 28 - Faceoff Wins : 36 - Blocked Shots : 6 - Penalty Minutes : 0
Oilers - Hits : 14 - Faceoff Wins : 20 - Blocked Shots : 6 - Penalty Minutes : 14

Official

Referees : Furman South and Ghislain Hebert
Linesman : Vaughan Rody and Brent Colby

Game Notes

14:14 of 2nd period - Canadiens goal is going for a video replay. After video review, No Goal. The puck has entered the net after making contact with an attacking player’s stick that is above the height of the crossbar.

Finance

Level 1 -- Attendance: 4821 (80,35%) -- Ticket Income 506 205 $
Level 2 -- Attendance: 4503 (90,06%) -- Ticket Income 292 695 $
Level 3 -- Attendance: 1950 (97,50%) -- Ticket Income 74 100 $
Level 4 -- Attendance: 3773 (94,33%) -- Ticket Income 86 779 $
Luxury Box -- Attendance: 987 (98,70%) -- Ticket Income 187 530 $
Game was played at the Edmonton Coliseum.
Total Attendance: 16034 (89,08%)
Total Ticket Income: 1 147 309 $
Other Income: 562 181 $
Total Income: 1 709 490 $

Canadiens

5 vs 5 Forward 
   Center                   Left Wing                Right Wing               Time % Phy DF OF 
 1 Ryan O'Reilly            Max Pacioretty           Mitch Marner             33     0   2  3  
 2 Mathew Barzal            Chris Kreider            Bryan Little             32     0   2  3  
 3 Derick Brassard          Valeri Nichushkin        Evgenii Dadonov          20     0   2  3  
 4 Mark Jankowski           Jonathan Drouin          Corey Perry              15     0   2  3  

5 vs 5 Defense 
   Defense                  Defense                                           Time % Phy DF OF 
 1 Jack Johnson             Adam Larsson                                      32     0   3  2  
 2 Dante Fabbro             Travis Hamonic                                    32     0   3  2  
 3 Anthony DeAngelo         Henri Jokiharju                                   31     0   3  2  
 4 Dante Fabbro             Henri Jokiharju                                   5      0   3  2  

PowerPlay Forward 
   Center                   Left Wing                Right Wing               Time % Phy DF OF 
 1 Ryan O'Reilly            Max Pacioretty           Mitch Marner             50     0   1  4  
 2 Mathew Barzal            Chris Kreider            Bryan Little             50     0   1  4  

PowerPlay Defense
   Defense                  Defense                                           Time % Phy DF OF 
 1 Anthony DeAngelo         Henri Jokiharju                                   50     0   2  3  
 2 Dante Fabbro             Jack Johnson                                      50     0   2  3  

Penalty Kill 4 Players Forward 
   Center                   Wing                     Time % Phy DF OF 
 1 Mark Jankowski           Valeri Nichushkin        50     0   4  1  
 2 Ryan O'Reilly            Mitch Marner             50     0   4  1  

Penalty Kill 4 Players Defense
   Defense                  Defense                  Time % Phy DF OF 
 1 Travis Hamonic           Jack Johnson             50     0   4  1  
 2 Dante Fabbro             Adam Larsson             50     0   4  1  

Penalty Kill - 3 Players Forward 
   Forward                                           Time % Phy DF OF 
 1 Mark Jankowski                                    50     0   4  1  
 2 Ryan O'Reilly                                     50     0   4  1  

Penalty Kill - 3 Players Defense
   Defense                  Defense                  Time % Phy DF OF 
 1 Jack Johnson             Adam Larsson             50     0   5  0  
 2 Dante Fabbro             Travis Hamonic           50     0   5  0  

4 vs 4 Forward 
   Center                   Wing                     Time % Phy DF OF 
 1 Ryan O'Reilly            Max Pacioretty           50     0   2  3  
 2 Mathew Barzal            Mitch Marner             50     0   2  3  

4 vs 4 Defense
   Defense                  Defense                  Time % Phy DF OF 
 1 Anthony DeAngelo         Jack Johnson             50     0   3  2  
 2 Dante Fabbro             Henri Jokiharju          50     0   3  2  

Last Minutes Offensive
   Center                   Left Wing                Right Wing               Defense                  Defense                  
   Ryan O'Reilly            Max Pacioretty           Mitch Marner             Anthony DeAngelo         Dante Fabbro             

Last Minutes Defensive
   Center                   Left Wing                Right Wing               Defense                  Defense                  
   Ryan O'Reilly            Mark Jankowski           Mitch Marner             Adam Larsson             Jack Johnson             

Goaltenders
Starting : Robin Lehner             
Backup : Adin Hill                

Extra Forwards
Normal : Chris Kreider, Derick Brassard, Valeri Nichushkin - PP : Corey Perry, Evgenii Dadonov - PK : Derick Brassard
Extra Defensemen
Normal : Henri Jokiharju, Anthony DeAngelo, Jack Johnson - PP : Jack Johnson - PK : Henri Jokiharju, Anthony DeAngelo
Penalty Shots
Ryan O'Reilly, Chris Kreider, Evgenii Dadonov, Anthony DeAngelo, Derick Brassard
Custom OT Lines Forwards
Ryan O'Reilly, Max Pacioretty, Mitch Marner, Mathew Barzal, Chris Kreider, Bryan Little, Evgenii Dadonov, Derick Brassard, Jonathan Drouin, Corey Perry
Custom OT Lines Defensemen
Anthony DeAngelo, Dante Fabbro, Jack Johnson, Henri Jokiharju, Adam Larsson

Scratches
Alex Galchenyuk (Healthy)

Oilers

5 vs 5 Forward 
   Center                   Left Wing                Right Wing               Time % Phy DF OF 
 1 Connor McDavid           Tim Stutzle              Bobby Ryan               30     1   2  2  
 2 Jeff Skinner             James Neal               Tomas Nosek              30     1   2  2  
 3 Cody Glass               Nathan Gerbe             Zack Kassian             20     1   2  2  
 4 Ben Street               Brandon Pirri            Connor McDavid           20     1   2  2  

5 vs 5 Defense 
   Defense                  Defense                                           Time % Phy DF OF 
 1 John Carlson             Mark Giordano                                     35     1   2  2  
 2 Jordan Oesterle          Brendan Smith                                     35     1   2  2  
 3 Jake Gardiner            Alex Biega                                        30     1   2  2  
 4 John Carlson             Mark Giordano                                     0      1   2  2  

PowerPlay Forward 
   Center                   Left Wing                Right Wing               Time % Phy DF OF 
 1 Connor McDavid           Tim Stutzle              Bobby Ryan               60     1   2  2  
 2 Jeff Skinner             James Neal               Tomas Nosek              40     1   2  2  

PowerPlay Defense
   Defense                  Defense                                           Time % Phy DF OF 
 1 John Carlson             Mark Giordano                                     60     1   2  2  
 2 Jordan Oesterle          Brendan Smith                                     40     1   2  2  

Penalty Kill 4 Players Forward 
   Center                   Wing                     Time % Phy DF OF 
 1 Tomas Nosek              Zack Kassian             60     1   2  2  
 2 Ben Street               James Neal               40     1   2  2  

Penalty Kill 4 Players Defense
   Defense                  Defense                  Time % Phy DF OF 
 1 John Carlson             Mark Giordano            60     1   2  2  
 2 Jordan Oesterle          Brendan Smith            40     1   2  2  

Penalty Kill - 3 Players Forward 
   Forward                                           Time % Phy DF OF 
 1 Tomas Nosek                                       60     1   2  2  
 2 Ben Street                                        40     1   2  2  

Penalty Kill - 3 Players Defense
   Defense                  Defense                  Time % Phy DF OF 
 1 John Carlson             Mark Giordano            60     1   2  2  
 2 Jordan Oesterle          Brendan Smith            40     1   2  2  

4 vs 4 Forward 
   Center                   Wing                     Time % Phy DF OF 
 1 Connor McDavid           Tim Stutzle              60     1   2  2  
 2 Bobby Ryan               Jeff Skinner             40     1   2  2  

4 vs 4 Defense
   Defense                  Defense                  Time % Phy DF OF 
 1 John Carlson             Mark Giordano            60     1   2  2  
 2 Jordan Oesterle          Brendan Smith            40     1   2  2  

Last Minutes Offensive
   Center                   Left Wing                Right Wing               Defense                  Defense                  
   Connor McDavid           Tim Stutzle              Bobby Ryan               John Carlson             Mark Giordano            

Last Minutes Defensive
   Center                   Left Wing                Right Wing               Defense                  Defense                  
   Connor McDavid           Tim Stutzle              Bobby Ryan               John Carlson             Mark Giordano            

Goaltenders
Starting : Kaapo Kahkonen           
Backup : Matt Villalta            

Extra Forwards
Normal : Gaetan Haas, Cody Glass, Zack Kassian - PP : Gaetan Haas, Cody Glass - PK : Zack Kassian
Extra Defensemen
Normal : Jake Gardiner, Alex Biega, Jordan Oesterle - PP : Jake Gardiner - PK : Alex Biega, Jordan Oesterle
Penalty Shots
Connor McDavid, Tim Stutzle, Bobby Ryan, Jeff Skinner, Cody Glass
Custom OT Lines Forwards
Connor McDavid, Tim Stutzle, Bobby Ryan, Jeff Skinner, Cody Glass, James Neal, Tomas Nosek, Zack Kassian, Ben Street, Nathan Gerbe
Custom OT Lines Defensemen
John Carlson, Mark Giordano, Jordan Oesterle, Brendan Smith, Jake Gardiner

Scratches
Kyle Okposo (Herniated Disc Injury), Luke Schenn (Healthy), Joonas Korpisalo (Healthy)

% Time on Ice - Canadiens

Lines # - Real PCT - Wanted PCT - Time Play
Normal Forward
1 - 28% - 33% - 13:41
2 - 29% - 32% - 14:02
3 - 23% - 20% - 11:05
4 - 19% - 15% - 9:23
Normal Defense
1 - 33% - 32% - 15:45
2 - 33% - 32% - 16:07
3 - 32% - 31% - 15:33
4 - 2% - 5% - 0:46
PP Forward
1 - 52% - 50% - 6:09
2 - 48% - 50% - 5:40
PP Defense
1 - 51% - 50% - 6:03
2 - 49% - 50% - 5:46
PK Forward
1 - 0% - 50%
2 - 0% - 50%
PK Defense
1 - 0% - 50%
2 - 0% - 50%
PK3 Forward
1 - 0% - 50%
2 - 0% - 50%
PK3 Defense
1 - 0% - 50%
2 - 0% - 50%
44 Forward
1 - 0% - 50%
2 - 0% - 50%
44 Defense
1 - 0% - 50%
2 - 0% - 50%
Last Minute Offensive  - 0:00
Last Minute Defensive  - 0:00
Total
Forward - 60:00
Defense - 60:00

% Time on Ice - Oilers

Lines # - Real PCT - Wanted PCT - Time Play
Normal Forward
1 - 28% - 30% - 13:38
2 - 31% - 30% - 15:00
3 - 24% - 20% - 11:36
4 - 16% - 20% - 7:57
Normal Defense
1 - 36% - 35% - 17:08
2 - 36% - 35% - 17:23
3 - 28% - 30% - 13:40
4 - 0% - 0% - 0:00
PP Forward
1 - 0% - 60%
2 - 0% - 40%
PP Defense
1 - 0% - 60%
2 - 0% - 40%
PK Forward
1 - 73% - 60% - 8:41
2 - 27% - 40% - 3:08
PK Defense
1 - 59% - 60% - 6:56
2 - 41% - 40% - 4:53
PK3 Forward
1 - 0% - 60%
2 - 0% - 40%
PK3 Defense
1 - 0% - 60%
2 - 0% - 40%
44 Forward
1 - 0% - 60%
2 - 0% - 40%
44 Defense
1 - 0% - 60%
2 - 0% - 40%
Last Minute Offensive  - 0:00
Last Minute Defensive  - 0:00
Total
Forward - 60:00
Defense - 60:00

Play-by-Play

1st period


0:01 of 1st period - Connor McDavid wins face-off versus Ryan O'Reilly in neutral zone.
1:18 of 1st period - Slapshot by Brandon Pirri.
1:18 of 1st period - Stopped by Robin Lehner without a rebound.
1:19 of 1st period - Mathew Barzal wins face-off versus Connor McDavid in Canadiens zone.
1:24 of 1st period - Alex Biega is hit by Henri Jokiharju and loses puck.
1:29 of 1st period - Wrist shot by Mathew Barzal.
1:29 of 1st period - Shot Misses the Net.
1:31 of 1st period - Snap shot by Bryan Little.
1:31 of 1st period - Deflect By Chris Kreider.
1:31 of 1st period - Goal by Chris Kreider - Canadiens : 1 - Oilers : 0.
1:32 of 1st period - Ryan O'Reilly wins face-off versus Jeff Skinner in neutral zone.
1:45 of 1st period - Wrist shot by Jeff Skinner.
1:45 of 1st period - Stopped by Robin Lehner without a rebound.
1:46 of 1st period - Ben Street wins face-off versus Derick Brassard in Canadiens zone.
2:16 of 1st period - Slapshot by Max Pacioretty.
2:16 of 1st period - Stopped by Kaapo Kahkonen with a rebound.
2:24 of 1st period - Wrist shot by Mitch Marner.
2:24 of 1st period - Stopped by Kaapo Kahkonen without a rebound.
2:25 of 1st period - Mathew Barzal wins face-off versus Cody Glass in Oilers zone.
2:26 of 1st period - Snap shot by Chris Kreider.
2:26 of 1st period - Stopped by Kaapo Kahkonen without a rebound.
2:27 of 1st period - Cody Glass wins face-off versus Mathew Barzal in Oilers zone.
2:39 of 1st period - Backhand shot by Zack Kassian.
2:39 of 1st period - Stopped by Robin Lehner with a rebound.
2:41 of 1st period - Wrist shot by Cody Glass.
2:41 of 1st period - Stopped by Robin Lehner with a rebound.
2:43 of 1st period - Slapshot by Brendan Smith.
2:43 of 1st period - Stopped by Robin Lehner with a rebound.
3:23 of 1st period - Snap shot by Ryan O'Reilly.
3:23 of 1st period - Shot Misses the Net.
4:05 of 1st period - Jake Gardiner is hit by Jack Johnson and loses puck.
4:34 of 1st period - James Neal is hit by Anthony DeAngelo and loses puck.
4:59 of 1st period - Jordan Oesterle is hit by Henri Jokiharju and loses puck.
5:16 of 1st period - Ben Street is hit by Chris Kreider and loses puck.
5:29 of 1st period - Snap shot by Jeff Skinner.
5:29 of 1st period - Stopped by Robin Lehner without a rebound.
5:30 of 1st period - Ryan O'Reilly wins face-off versus Jeff Skinner in Canadiens zone.
6:15 of 1st period - Brendan Smith is hit by Evgenii Dadonov.
6:26 of 1st period - Wrist shot by Evgenii Dadonov.
6:26 of 1st period - Shot Blocked by Nathan Gerbe.
6:28 of 1st period - Slapshot by Valeri Nichushkin.
6:28 of 1st period - Stopped by Kaapo Kahkonen without a rebound.
6:29 of 1st period - Connor McDavid wins face-off versus Ryan O'Reilly in Oilers zone.
6:29 of 1st period - Connor McDavid is hit by Max Pacioretty.
7:36 of 1st period - Minor Penalty to Brendan Smith for Holding.
7:37 of 1st period - Tomas Nosek wins face-off versus Ryan O'Reilly in Oilers zone.
7:50 of 1st period - Snap shot by Max Pacioretty.
7:50 of 1st period - Stopped by Kaapo Kahkonen without a rebound.
7:51 of 1st period - Tomas Nosek wins face-off versus Bryan Little in Oilers zone.
8:32 of 1st period - Slapshot by Bryan Little.
8:32 of 1st period - Stopped by Kaapo Kahkonen with a rebound.
9:36 of 1st period - Penalty to Brendan Smith is over, Brendan Smith is back on ice.
9:51 of 1st period - Wrist shot by Evgenii Dadonov.
9:51 of 1st period - Stopped by Kaapo Kahkonen with a rebound.
10:32 of 1st period - Wrist shot by Evgenii Dadonov.
10:32 of 1st period - Shot Misses the Net.
10:51 of 1st period - Snap shot by Jeff Skinner.
10:51 of 1st period - Stopped by Robin Lehner without a rebound.
10:52 of 1st period - Mark Jankowski wins face-off versus Jeff Skinner in Canadiens zone.
11:03 of 1st period - Slapshot by Jonathan Drouin.
11:03 of 1st period - Stopped by Kaapo Kahkonen with a rebound.
11:05 of 1st period - Slapshot by Travis Hamonic.
11:05 of 1st period - Deflect By James Neal.
11:05 of 1st period - Stopped by Kaapo Kahkonen with a rebound.
11:07 of 1st period - Slapshot by Dante Fabbro.
11:07 of 1st period - Shot Blocked by Jake Gardiner.
11:25 of 1st period - Wrist shot by Mathew Barzal.
11:25 of 1st period - Shot Misses the Net.
11:27 of 1st period - Slapshot by Henri Jokiharju.
11:27 of 1st period - Shot Misses the Net.
11:41 of 1st period - Mark Giordano is hit by Ryan O'Reilly and loses puck.
11:46 of 1st period - Wrist shot by Max Pacioretty.
11:46 of 1st period - Deflect By John Carlson.
11:46 of 1st period - Shot Misses the Net.
11:46 of 1st period - Puck is out of play.
11:47 of 1st period - Ryan O'Reilly wins face-off versus Tomas Nosek in Oilers zone.
12:02 of 1st period - Slapshot by Max Pacioretty.
12:02 of 1st period - Stopped by Kaapo Kahkonen with a rebound.
12:04 of 1st period - Slapshot by Mitch Marner.
12:04 of 1st period - Shot Misses the Net.
12:23 of 1st period - Slapshot by Tim Stutzle.
12:23 of 1st period - Shot Misses the Net.
12:48 of 1st period - Snap shot by Evgenii Dadonov.
12:48 of 1st period - Stopped by Kaapo Kahkonen with a rebound.
13:04 of 1st period - Tomas Nosek is hit by Max Pacioretty and loses puck.
13:59 of 1st period - Wrist shot by Tim Stutzle.
13:59 of 1st period - Shot Misses the Net.
14:01 of 1st period - Snap shot by Connor McDavid.
14:01 of 1st period - Shot Misses the Net.
14:11 of 1st period - Dante Fabbro is hit by Brendan Smith and loses puck.
14:40 of 1st period - Mitch Marner is hit by Tim Stutzle and loses puck.
15:08 of 1st period - Icing by Jake Gardiner.
15:09 of 1st period - Mark Jankowski wins face-off versus Brandon Pirri in Oilers zone.
15:28 of 1st period - Snap shot by Corey Perry.
15:28 of 1st period - Shot Misses the Net.
15:30 of 1st period - Slapshot by Jack Johnson.
15:30 of 1st period - Stopped by Kaapo Kahkonen with a rebound.
15:32 of 1st period - Slapshot by Jack Johnson.
15:32 of 1st period - Shot Misses the Net.
15:36 of 1st period - Wrist shot by Jonathan Drouin.
15:36 of 1st period - Goal by Jonathan Drouin - Canadiens : 2 - Oilers : 0.
15:37 of 1st period - Connor McDavid wins face-off versus Ryan O'Reilly in neutral zone.
16:15 of 1st period - Snap shot by Chris Kreider.
16:15 of 1st period - Stopped by Kaapo Kahkonen without a rebound.
16:16 of 1st period - Derick Brassard wins face-off versus Bobby Ryan in Oilers zone.
17:09 of 1st period - Snap shot by Connor McDavid.
17:09 of 1st period - Shot Blocked by Anthony DeAngelo.
17:11 of 1st period - Wrist shot by Connor McDavid.
17:11 of 1st period - Stopped by Robin Lehner without a rebound.
17:12 of 1st period - Ryan O'Reilly wins face-off versus Cody Glass in Canadiens zone.
17:19 of 1st period - Slapshot by Ryan O'Reilly.
17:19 of 1st period - Shot Misses the Net.
17:21 of 1st period - Backhand shot by Max Pacioretty.
17:21 of 1st period - Stopped by Kaapo Kahkonen with a rebound.
17:23 of 1st period - Snap shot by Ryan O'Reilly.
17:23 of 1st period - Stopped by Kaapo Kahkonen without a rebound.
17:24 of 1st period - Connor McDavid wins face-off versus Ryan O'Reilly in Oilers zone.
17:35 of 1st period - Slapshot by Connor McDavid.
17:35 of 1st period - Stopped by Robin Lehner with a rebound.
17:37 of 1st period - Snap shot by Tim Stutzle.
17:37 of 1st period - Shot Misses the Net.
17:49 of 1st period - Mark Giordano is hit by Travis Hamonic.
17:57 of 1st period - Wrist shot by Mathew Barzal.
17:57 of 1st period - Stopped by Kaapo Kahkonen with a rebound.
18:16 of 1st period - Slapshot by Valeri Nichushkin.
18:16 of 1st period - Shot Hit the Post.
18:18 of 1st period - Minor Penalty to Zack Kassian for Tripping.
18:19 of 1st period - Ryan O'Reilly wins face-off versus Tomas Nosek in Oilers zone.
19:35 of 1st period - Jack Johnson is hit by Bobby Ryan and loses puck.
Goals for this period are 2 for Canadiens vs 0 for Oilers.
Shots for this period are 18 for Canadiens vs 9 for Oilers.

2nd period


0:01 of 2nd period - Ryan O'Reilly wins face-off versus Tomas Nosek in neutral zone.
0:03 of 2nd period - Off-side.
0:04 of 2nd period - Tomas Nosek wins face-off versus Ryan O'Reilly in neutral zone.
0:07 of 2nd period - Ryan O'Reilly is hit by Mark Giordano and loses puck.
0:18 of 2nd period - Penalty to Zack Kassian is over, Zack Kassian is back on ice.
1:15 of 2nd period - Wrist shot by Brandon Pirri.
1:15 of 2nd period - Stopped by Robin Lehner with a rebound.
1:32 of 2nd period - Off-side.
1:33 of 2nd period - Mark Jankowski wins face-off versus Jeff Skinner in neutral zone.
2:38 of 2nd period - Jeff Skinner is hit by Bryan Little and loses puck.
2:45 of 2nd period - Snap shot by Chris Kreider.
2:45 of 2nd period - Stopped by Kaapo Kahkonen with a rebound.
2:47 of 2nd period - Slapshot by Adam Larsson.
2:47 of 2nd period - Shot Misses the Net.
2:49 of 2nd period - Snap shot by Mathew Barzal.
2:49 of 2nd period - Shot Misses the Net.
2:51 of 2nd period - Slapshot by Bryan Little.
2:51 of 2nd period - Deflect By Mathew Barzal.
2:51 of 2nd period - Stopped by Kaapo Kahkonen with a rebound.
3:33 of 2nd period - Backhand shot by Mathew Barzal.
3:33 of 2nd period - Stopped by Kaapo Kahkonen without a rebound.
3:34 of 2nd period - Ryan O'Reilly wins face-off versus Connor McDavid in Oilers zone.
5:17 of 2nd period - Brandon Pirri is hit by Mitch Marner.
5:42 of 2nd period - Wrist shot by Bobby Ryan.
5:42 of 2nd period - Deflect By Tim Stutzle.
5:42 of 2nd period - Stopped by Robin Lehner without a rebound.
5:43 of 2nd period - Mitch Marner wins face-off versus Cody Glass in Canadiens zone.
6:31 of 2nd period - Zack Kassian is hit by Chris Kreider and loses puck.
6:58 of 2nd period - Wrist shot by Connor McDavid.
6:58 of 2nd period - Shot Misses the Net.
8:28 of 2nd period - Minor Penalty to Tim Stutzle for Roughing.
8:29 of 2nd period - Mathew Barzal wins face-off versus Tomas Nosek in Oilers zone.
9:49 of 2nd period - Wrist shot by Bobby Ryan.
9:49 of 2nd period - Shot Misses the Net.
9:51 of 2nd period - Slapshot by John Carlson.
9:51 of 2nd period - Deflect By Mathew Barzal.
9:51 of 2nd period - Stopped by Robin Lehner without a rebound.
9:52 of 2nd period - Bryan Little wins face-off versus Cody Glass in Canadiens zone.
10:28 of 2nd period - Penalty to Tim Stutzle is over, Tim Stutzle is back on ice.
10:37 of 2nd period - Snap shot by Connor McDavid.
10:37 of 2nd period - Shot Misses the Net.
10:43 of 2nd period - Tim Stutzle is hit by Dante Fabbro and loses puck.
11:26 of 2nd period - Valeri Nichushkin is hit by Alex Biega and loses puck.
11:33 of 2nd period - Alex Biega is hit by Anthony DeAngelo and loses puck.
11:48 of 2nd period - John Carlson is hit by Bryan Little.
11:52 of 2nd period - Tomas Nosek is hit by Dante Fabbro and loses puck.
12:21 of 2nd period - Adam Larsson is hit by Bobby Ryan.
12:43 of 2nd period - Anthony DeAngelo is hit by Cody Glass and loses puck.
13:38 of 2nd period - Mark Giordano is hit by Jonathan Drouin.
14:10 of 2nd period - Snap shot by Mitch Marner.
14:10 of 2nd period - Stopped by Kaapo Kahkonen with a rebound.
14:12 of 2nd period - Slapshot by Dante Fabbro.
14:12 of 2nd period - Stopped by Kaapo Kahkonen with a rebound.
14:14 of 2nd period - Slapshot by Henri Jokiharju.
14:14 of 2nd period - Deflect By Mitch Marner.
14:14 of 2nd period - Canadiens goal is going for a video replay.
14:14 of 2nd period - The goal is refused. The puck has entered the net after making contact with an attacking player’s stick that is above the height of the crossbar..
14:15 of 2nd period - Ryan O'Reilly wins face-off versus Jeff Skinner in Oilers zone.
14:43 of 2nd period - Wrist shot by Cody Glass.
14:43 of 2nd period - Stopped by Robin Lehner without a rebound.
14:44 of 2nd period - Cody Glass wins face-off versus Mathew Barzal in Canadiens zone.
14:45 of 2nd period - Snap shot by Zack Kassian.
14:45 of 2nd period - Deflect By Nathan Gerbe.
14:45 of 2nd period - Stopped by Robin Lehner with a rebound.
14:47 of 2nd period - Snap shot by Cody Glass.
14:47 of 2nd period - Shot Misses the Net.
14:49 of 2nd period - Slapshot by Brendan Smith.
14:49 of 2nd period - Deflect By Zack Kassian.
14:49 of 2nd period - Shot Misses the Net.
14:49 of 2nd period - Puck is out of play.
14:50 of 2nd period - Connor McDavid wins face-off versus Ryan O'Reilly in Canadiens zone.
15:12 of 2nd period - Minor Penalty to Brendan Smith for Slashing.
15:13 of 2nd period - Mathew Barzal wins face-off versus Tomas Nosek in Oilers zone.
15:42 of 2nd period - Zack Kassian is hit by Jack Johnson and loses puck.
15:47 of 2nd period - Snap shot by Max Pacioretty.
15:47 of 2nd period - Shot Misses the Net.
15:49 of 2nd period - Slapshot by Jack Johnson.
15:49 of 2nd period - Stopped by Kaapo Kahkonen without a rebound.
15:50 of 2nd period - Ben Street wins face-off versus Chris Kreider in Oilers zone.
16:03 of 2nd period - Backhand shot by Chris Kreider.
16:03 of 2nd period - Stopped by Kaapo Kahkonen without a rebound.
16:04 of 2nd period - Ryan O'Reilly wins face-off versus Tomas Nosek in Oilers zone.
16:05 of 2nd period - Snap shot by Mitch Marner.
16:05 of 2nd period - Shot Blocked by Mark Giordano.
16:07 of 2nd period - Slapshot by Henri Jokiharju.
16:07 of 2nd period - Shot Blocked by Tomas Nosek.
16:09 of 2nd period - Slapshot by Henri Jokiharju.
16:09 of 2nd period - Stopped by Kaapo Kahkonen with a rebound.
16:11 of 2nd period - Slapshot by Henri Jokiharju.
16:11 of 2nd period - Goal by Henri Jokiharju - Canadiens : 3 - Oilers : 0.
16:12 of 2nd period - Ryan O'Reilly wins face-off versus Connor McDavid in neutral zone.
16:17 of 2nd period - Snap shot by Mitch Marner.
16:17 of 2nd period - Stopped by Kaapo Kahkonen with a rebound.
16:29 of 2nd period - Wrist shot by Mitch Marner.
16:29 of 2nd period - Stopped by Kaapo Kahkonen with a rebound.
17:01 of 2nd period - Mark Giordano is hit by Chris Kreider and loses puck.
17:37 of 2nd period - Slapshot by James Neal.
17:37 of 2nd period - Shot Blocked by Anthony DeAngelo.
17:41 of 2nd period - Wrist shot by James Neal.
17:41 of 2nd period - Shot Misses the Net.
17:43 of 2nd period - Wrist shot by Tomas Nosek.
17:43 of 2nd period - Stopped by Robin Lehner without a rebound.
17:44 of 2nd period - Mathew Barzal wins face-off versus Nathan Gerbe in Canadiens zone.
17:59 of 2nd period - Slapshot by Zack Kassian.
17:59 of 2nd period - Deflect By Cody Glass.
17:59 of 2nd period - Stopped by Robin Lehner with a rebound.
18:09 of 2nd period - Brandon Pirri is hit by Anthony DeAngelo and loses puck.
18:30 of 2nd period - Connor McDavid is hit by Mark Jankowski and loses puck.
19:21 of 2nd period - Wrist shot by Jeff Skinner.
19:21 of 2nd period - Shot Blocked by Mathew Barzal.
19:23 of 2nd period - Slapshot by Alex Biega.
19:23 of 2nd period - Deflect By James Neal.
19:23 of 2nd period - Shot Misses the Net.
19:23 of 2nd period - Puck is out of play.
19:24 of 2nd period - Mathew Barzal wins face-off versus Jeff Skinner in Canadiens zone.
19:58 of 2nd period - Snap shot by Jordan Oesterle.
19:58 of 2nd period - Stopped by Robin Lehner with a rebound.
Goals for this period are 1 for Canadiens vs 0 for Oilers.
Shots for this period are 12 for Canadiens vs 8 for Oilers.

3rd period


0:01 of 3rd period - Connor McDavid wins face-off versus Max Pacioretty in neutral zone.
0:52 of 3rd period - Wrist shot by Jeff Skinner.
0:52 of 3rd period - Goal by Jeff Skinner - Canadiens : 3 - Oilers : 1.
0:53 of 3rd period - Ryan O'Reilly wins face-off versus Connor McDavid in neutral zone.
1:00 of 3rd period - Snap shot by Bobby Ryan.
1:00 of 3rd period - Stopped by Robin Lehner with a rebound.
1:20 of 3rd period - Jack Johnson is hit by James Neal and loses puck.
1:27 of 3rd period - Wrist shot by Mathew Barzal.
1:27 of 3rd period - Deflect By Chris Kreider.
1:27 of 3rd period - Shot Misses the Net.
1:27 of 3rd period - Puck is out of play.
1:28 of 3rd period - Jeff Skinner wins face-off versus Mathew Barzal in Oilers zone.
1:50 of 3rd period - Minor Penalty to Jeff Skinner for Tripping.
1:51 of 3rd period - Ryan O'Reilly wins face-off versus Tomas Nosek in Oilers zone.
2:39 of 3rd period - Slapshot by Ryan O'Reilly.
2:39 of 3rd period - Shot Misses the Net.
2:41 of 3rd period - Slapshot by Mitch Marner.
2:41 of 3rd period - Shot Misses the Net.
2:43 of 3rd period - Slapshot by Jack Johnson.
2:43 of 3rd period - Stopped by Kaapo Kahkonen with a rebound.
2:45 of 3rd period - Wrist shot by Max Pacioretty.
2:45 of 3rd period - Goal by Max Pacioretty - Canadiens : 4 - Oilers : 1.
2:46 of 3rd period - Connor McDavid wins face-off versus Mathew Barzal in neutral zone.
2:55 of 3rd period - Slapshot by Tim Stutzle.
2:55 of 3rd period - Shot Misses the Net.
2:57 of 3rd period - Snap shot by Bobby Ryan.
2:57 of 3rd period - Stopped by Robin Lehner without a rebound.
2:58 of 3rd period - Mathew Barzal wins face-off versus Connor McDavid in Canadiens zone.
3:09 of 3rd period - Wrist shot by Chris Kreider.
3:09 of 3rd period - Shot Misses the Net.
3:11 of 3rd period - Slapshot by Adam Larsson.
3:11 of 3rd period - Shot Blocked by John Carlson.
3:13 of 3rd period - Slapshot by Adam Larsson.
3:13 of 3rd period - Shot Blocked by Mark Giordano.
3:19 of 3rd period - Minor Penalty to Bobby Ryan for Tripping.
3:20 of 3rd period - Mathew Barzal wins face-off versus Tomas Nosek in Oilers zone.
3:28 of 3rd period - Off-side.
3:29 of 3rd period - Tomas Nosek wins face-off versus Mathew Barzal in neutral zone.
3:36 of 3rd period - Snap shot by John Carlson.
3:36 of 3rd period - Deflect By Zack Kassian.
3:36 of 3rd period - Deflect By Chris Kreider.
3:36 of 3rd period - Shot Misses the Net.
3:36 of 3rd period - Puck is out of play.
3:37 of 3rd period - Mathew Barzal wins face-off versus Tomas Nosek in Canadiens zone.
5:19 of 3rd period - Penalty to Bobby Ryan is over, Bobby Ryan is back on ice.
5:34 of 3rd period - Derick Brassard is hit by Jake Gardiner and loses puck.
5:45 of 3rd period - Dante Fabbro is hit by Brandon Pirri and loses puck.
7:04 of 3rd period - Slapshot by Mitch Marner.
7:04 of 3rd period - Shot Misses the Net.
7:14 of 3rd period - John Carlson is hit by Jonathan Drouin and loses puck.
7:29 of 3rd period - Connor McDavid is hit by Chris Kreider and loses puck.
7:44 of 3rd period - Slapshot by Connor McDavid.
7:44 of 3rd period - Stopped by Robin Lehner with a rebound.
7:56 of 3rd period - Jeff Skinner is hit by Valeri Nichushkin and loses puck.
8:13 of 3rd period - Snap shot by Zack Kassian.
8:13 of 3rd period - Stopped by Robin Lehner without a rebound.
8:14 of 3rd period - Cody Glass wins face-off versus Corey Perry in Canadiens zone.
8:15 of 3rd period - Snap shot by Nathan Gerbe.
8:15 of 3rd period - Stopped by Robin Lehner with a rebound.
8:17 of 3rd period - Slapshot by Nathan Gerbe.
8:17 of 3rd period - Stopped by Robin Lehner without a rebound.
8:18 of 3rd period - Ryan O'Reilly wins face-off versus Tomas Nosek in Canadiens zone.
8:45 of 3rd period - Slapshot by James Neal.
8:45 of 3rd period - Shot Misses the Net.
8:47 of 3rd period - Slapshot by Brendan Smith.
8:47 of 3rd period - Stopped by Robin Lehner without a rebound.
8:48 of 3rd period - Cody Glass wins face-off versus Chris Kreider in Canadiens zone.
8:49 of 3rd period - Slapshot by Zack Kassian.
8:49 of 3rd period - Shot Blocked by Jack Johnson.
9:17 of 3rd period - Backhand shot by Chris Kreider.
9:17 of 3rd period - Shot Misses the Net.
9:19 of 3rd period - Slapshot by Chris Kreider.
9:19 of 3rd period - Shot Misses the Net.
9:21 of 3rd period - Wrist shot by Chris Kreider.
9:21 of 3rd period - Shot Misses the Net.
9:23 of 3rd period - Slapshot by Chris Kreider.
9:23 of 3rd period - Shot Misses the Net.
9:25 of 3rd period - Snap shot by Bryan Little.
9:25 of 3rd period - Stopped by Kaapo Kahkonen without a rebound.
9:26 of 3rd period - Ryan O'Reilly wins face-off versus Bobby Ryan in Oilers zone.
10:37 of 3rd period - Wrist shot by Zack Kassian.
10:37 of 3rd period - Stopped by Robin Lehner without a rebound.
10:38 of 3rd period - Mathew Barzal wins face-off versus Cody Glass in Canadiens zone.
10:54 of 3rd period - Off-side.
10:55 of 3rd period - Ryan O'Reilly wins face-off versus Ben Street in neutral zone.
11:08 of 3rd period - Wrist shot by Mitch Marner.
11:08 of 3rd period - Stopped by Kaapo Kahkonen with a rebound.
12:23 of 3rd period - Max Pacioretty is hit by Tomas Nosek and loses puck.
12:30 of 3rd period - Anthony DeAngelo is hit by Mark Giordano and loses puck.
13:10 of 3rd period - Slapshot by Brandon Pirri.
13:10 of 3rd period - Shot Blocked by Jack Johnson.
13:50 of 3rd period - Adam Larsson is hit by Brandon Pirri and loses puck.
14:20 of 3rd period - Backhand shot by Dante Fabbro.
14:20 of 3rd period - Shot Misses the Net.
14:22 of 3rd period - Snap shot by Travis Hamonic.
14:22 of 3rd period - Shot Misses the Net.
14:32 of 3rd period - Wrist shot by Jonathan Drouin.
14:32 of 3rd period - Stopped by Kaapo Kahkonen with a rebound.
14:34 of 3rd period - Slapshot by Mark Jankowski.
14:34 of 3rd period - Stopped by Kaapo Kahkonen without a rebound.
14:35 of 3rd period - Max Pacioretty wins face-off versus Connor McDavid in Oilers zone.
15:15 of 3rd period - Chris Kreider is hit by John Carlson and loses puck.
15:28 of 3rd period - Jake Gardiner is hit by Adam Larsson and loses puck.
15:37 of 3rd period - Wrist shot by Evgenii Dadonov.
15:37 of 3rd period - Deflect By Valeri Nichushkin.
15:37 of 3rd period - Goal by Valeri Nichushkin - Canadiens : 5 - Oilers : 1.
15:38 of 3rd period - Ryan O'Reilly wins face-off versus Connor McDavid in neutral zone.
15:46 of 3rd period - Minor Penalty to Brendan Smith for Slashing.
15:47 of 3rd period - Mathew Barzal wins face-off versus Tomas Nosek in Oilers zone.
16:18 of 3rd period - Mark Giordano is hit by Henri Jokiharju and loses puck.
17:10 of 3rd period - Icing by Henri Jokiharju.
17:11 of 3rd period - Cody Glass wins face-off versus Ryan O'Reilly in Canadiens zone.
17:14 of 3rd period - Snap shot by Cody Glass.
17:14 of 3rd period - Shot Blocked by Mitch Marner.
17:46 of 3rd period - Penalty to Brendan Smith is over, Brendan Smith is back on ice.
17:53 of 3rd period - Icing by Bobby Ryan.
17:54 of 3rd period - Valeri Nichushkin wins face-off versus Connor McDavid in Oilers zone.
18:01 of 3rd period - Snap shot by Evgenii Dadonov.
18:01 of 3rd period - Stopped by Kaapo Kahkonen with a rebound.
18:06 of 3rd period - Off-side.
18:07 of 3rd period - Ryan O'Reilly wins face-off versus Connor McDavid in neutral zone.
18:18 of 3rd period - Snap shot by Mitch Marner.
18:18 of 3rd period - Stopped by Kaapo Kahkonen with a rebound.
18:20 of 3rd period - Slapshot by Anthony DeAngelo.
18:20 of 3rd period - Shot Misses the Net.
18:22 of 3rd period - Snap shot by Ryan O'Reilly.
18:22 of 3rd period - Stopped by Kaapo Kahkonen without a rebound.
18:23 of 3rd period - James Neal wins face-off versus Mathew Barzal in Oilers zone.
18:33 of 3rd period - Snap shot by Bryan Little.
18:33 of 3rd period - Shot Misses the Net.
18:39 of 3rd period - Wrist shot by Mathew Barzal.
18:39 of 3rd period - Stopped by Kaapo Kahkonen with a rebound.
18:49 of 3rd period - Bobby Ryan is hit by Adam Larsson and loses puck.
19:00 of 3rd period - Snap shot by Max Pacioretty.
19:00 of 3rd period - Stopped by Kaapo Kahkonen with a rebound.
19:14 of 3rd period - Slapshot by Cody Glass.
19:14 of 3rd period - Stopped by Robin Lehner with a rebound.
19:16 of 3rd period - Slapshot by Brendan Smith.
19:16 of 3rd period - Stopped by Robin Lehner with a rebound.
19:18 of 3rd period - Slapshot by Jordan Oesterle.
19:18 of 3rd period - Deflect By Nathan Gerbe.
19:18 of 3rd period - Stopped by Robin Lehner with a rebound.
Goals for this period are 2 for Canadiens vs 1 for Oilers.
Shots for this period are 12 for Canadiens vs 12 for Oilers.